 Dungeon Crawl Stone Soup version 0.16.0 (webtiles) character file.

154940 Chiseanne the Shatterer (level 17, 0/200 HPs)
             Began as an Ogre Berserker on Mar 13, 2015.
             Was a High Priest of Trog.
             Slain by a seven-headed hydra (6 damage)
             ... called by a spriggan druid
             ... on level 4 of the Swamp on Mar 14, 2015.
             The game lasted 02:35:49 (27828 turns).

Chiseanne the Shatterer (Ogre Berserker)           Turns: 27828, Time: 02:35:51

Health: 0/200      AC: 13    Str: 40    XL:     17   Next: 64%
Magic:  0/17       EV: 15    Int: 10    God:    Trog [*****.]
Gold:   1746       SH:  0    Dex:  9    Spells: 0 memorised, 16 levels left

rFire  . . .     SeeInvis .     s - +7 giant spiked club of Blood-Lust {venom, *Rage rElec rPois Str+4 Int+4}
rCold  . . .     Rnd*Rage +     V - +4 troll leather armour {Snorg}
rNeg   + . .     SustAb   .     (shield restricted)
rPois  +         Gourm    .     C - +2 hat
rElec  +         Spirit   +     t - +0 cloak
rCorr  .         Warding  .     (gloves unavailable)
rMut   .         Stasis   .     (boots unavailable)
MR     +....                    q - amulet of guardian spirit
Stlth  +.........               D - +4 ring of slaying
                                x - ring of positive energy

@: mighty, exhausted, very slightly contaminated, somewhat resistant to hostile
enchantments, very unstealthy
A: unfitting armour, slow healing 1, tough skin 1
a: Burn Spellbooks, Berserk, Trog's Hand, Brothers in Arms, Renounce Religion


You were on level 4 of the Swamp.
You worshipped Trog.
Trog was extremely pleased with you.
You were hungry.

You visited 4 branches of the dungeon, and saw 32 of its levels.
You also visited: Sewer.

You collected 3263 gold pieces.
You spent 1517 gold pieces at shops.

Inventory:

Hand weapons
 a - a +4 great mace of protection
 d - the +4 giant spiked club "Jyobiozxec" {freeze, rF+ MR+++ Stlth-}
   (Trog gifted it to you on level 11 of the Dungeon)

   It has been specially enchanted to freeze those struck by it, causing extra
   injury to most foes and up to half again as much damage against particularly
   susceptible opponents.
   It can also slow down cold-blooded creatures.
   It protects you from fire.
   It affects your resistance to hostile enchantments.
   It makes you less stealthy.
 f - the +4 dire flail of Agnosticism {flame, rC+ Str-3 Int-4 Dex+3 SInv}
   (Trog gifted it to you on level 2 of the Lair of Beasts)

   It has been specially enchanted to burn those struck by it, causing extra
   injury to most foes and up to half again as much damage against particularly
   susceptible opponents.
   It affects your strength (-3).
   It affects your intelligence (-4).
   It affects your dexterity (+3).
   It protects you from cold.
   It enhances your eyesight.
 s - the +7 giant spiked club of Blood-Lust (weapon) {venom, *Rage rElec rPois Str+4 Int+4}
   (Trog gifted it to you on level 8 of the Lair of Beasts)

   It poisons the flesh of those it strikes.
   It affects your strength (+4).
   It affects your intelligence (+4).
   It insulates you from electricity.
   It protects you from poison.
   It may make you go berserk in combat.
Missiles
 l - 6 poisoned javelins
 y - 7 javelins of penetration
 T - 17 large rocks (quivered)
 U - 7 steel javelins
Armour
 t - a +0 cloak (worn)
 w - a swamp dragon hide
 C - a +2 hat (worn)
 V - a +4 troll leather armour (worn) {Snorg}
Jewellery
 q - an amulet of guardian spirit (around neck)
 x - a ring of positive energy (left hand)
 D - a +4 ring of slaying (right hand)
Magical devices
 r - a wand of heal wounds (0)
 F - a wand of digging (2)
 H - a wand of invisibility (3)
 I - a wand of cold (9)
 J - a wand of cold (11)
 S - a wand of teleportation (4)
 X - a wand of digging (4)
Scrolls
 e - 3 scrolls of identify
 i - 12 scrolls of remove curse
 j - 2 scrolls of magic mapping
 k - 10 scrolls of teleportation
 n - 3 scrolls of fear
 z - 3 scrolls of recharging
 O - a scroll of silence
 W - 2 scrolls of fog
Potions
 g - 18 potions of curing
 h - a potion of haste
 m - 7 potions of might
 o - 2 potions of heal wounds
 p - 7 potions of restore abilities
 u - 4 potions of lignification
 A - a potion of invisibility
 G - a potion of cancellation
 K - 5 potions of flight
 M - 2 potions of resistance
 N - 4 potions of agility
 Y - a potion of ambrosia
Comestibles
 b - 17 bread rations
 c - 15 meat rations
 E - a royal jelly


   Skills:
 * Level 19.7 Fighting
 * Level 21.3 Maces & Flails
 - Level 8.4 Throwing
 - Level 6.0 Armour
 * Level 14.8 Dodging


You had 16 spell levels left.
You didn't know any spells.

Dungeon Overview and Level Annotations

Branches:
Dungeon (15/15)            Temple (0/1) D:5            Lair (8/8) D:10
  Swamp (5/5) Lair:6        Snake (0/5) Lair:6        Slime (0/6) Lair:8
    Orc (4/4) D:11         Vaults (0/5) D:14         Depths (0/5) D:15
    Elf: Orc:3-4

Altars:
Fedhas
Gozag
Kikubaaqudgha
Makhleb
Nemelex Xobeh
Okawaru
Qazlal
Ru
Vehumet
Xom
Yredelemnul
The Shining One
Beogh

Shops:
D:4 [   Orc:4 (}*


Innate Abilities, Weirdness & Mutations

You are too large for most types of armour.
You have tough skin (AC +1).
You heal slowly when monsters are visible.


Message History

* * * LOW HITPOINT WARNING * * *
The seven-headed hydra bites you.
* * * LOW HITPOINT WARNING * * *
The seven-headed hydra completely misses you.
The seven-headed hydra bites you.
* * * LOW HITPOINT WARNING * * *
The seven-headed hydra bites you.
* * * LOW HITPOINT WARNING * * *
The seven-headed hydra bites you.
* * * LOW HITPOINT WARNING * * *
The seven-headed hydra closely misses you.
The seven-headed hydra misses you.
Read which item? (? for menu, Esc to quit)
As you read the scroll of fear, it crumbles to dust.
You assume a fearsome visage.
The seven-headed hydra resists with some effort.
The seven-headed hydra misses you.
The seven-headed hydra completely misses you.
The seven-headed hydra misses you. The seven-headed hydra bites you.
You die...

. . ♣ ≈.. ♣≈#.♣ ≈.
§≈≈.♣.... #..♣{♣≈♣ k
# #≈.<≈≈♣ ..♣
.≈##≈≈≈≈.♣ ≈...
#.≈..≈≈>♣♣.≈≈♣
♣§≈≈@.≈≈..≈♣
♣♣≈≈≈D≈...♣.♣
♣.≈≈........♣
♣...♣.≈.≈....♣
.§...♣.≈≈≈≈.≈.♣ .≈≈
.§≈♣..≈i♣♣♣≈≈f.♣.≈§≈♣
♣.≈≈♣≈♣≈{. .≈≈.≈≈≈≈.♣
♣♣≈≈..≈♣.♣♣ ≈.≈.>≈..♣
♣.≈≈..≈♣.♣
.≈.≈≈≈≈≈.♣♣


You could see a thorn hunter (wandering), a seven-headed hydra and a spriggan
druid (fleeing).

Vanquished Creatures
  Nikola (Swamp:2)
  2 thorn hunters
  Rupert (D:15)
  A storm dragon (shapeshifter) (D:14)
  3 orc warlords (Orc:4)
  A caustic shrike skeleton (D:15)
  The ghost of cribozai the Unseen, a powerful SpEn of Dithmenos (Swamp:1)
  An ettin (D:14)
  Snorg (Lair:3)
  2 crystal guardians (D:15)
  20 hydras
  Fannar (Lair:3)
  An ice dragon (D:14)
  Harold (Orc:4)
  2 centaur warriors
  Nessos (D:11)
  A ghost crab (Swamp:4)
  Erica (Lair:1)
  4 alligators
  6 orc high priests (Orc:4)
  Urug (Orc:4)
  Nergalle (Lair:3)
  An iron troll (D:14)
  A fire crab (shapeshifter) (D:15)
  A skeletal warrior (D:15)
  An ice devil (Orc:4)
  3 unseen horrors
  9 swamp dragons
  A necromancer (D:15)
  6 orc knights (Orc:4)
  4 hill giants
  6 orc sorcerers
  6 ugly things (D:15)
  2 phantasmal warriors
  3 griffons
  3 cyclopes
  14 elephants
  7 black mambas
  2 hornets
  A frost giant skeleton (D:15)
  A queen ant (Lair:7)
  2 gargoyles
  An orange crystal statue (D:15)
  3 centaur skeletons
  28 spiny frogs
  4 fire drakes
  4 komodo dragons
  A redback zombie (D:15)
  A yaktaur skeleton (D:15)
  A kobold demonologist (D:12)
  5 two-headed ogres
  A guardian mummy (D:15)
  4 trolls
  A queen bee (D:11)
  3 baby alligators (Swamp:1)
  2 giant leeches
  2 freezing wraiths
  Prince Ribbit (D:5)
  3 shadows
  4 bog bodies
  An ettin zombie (D:15)
  2 trapdoor spiders
  18 slime creatures
  9 blink frogs
  3 basilisks
  A centaur simulacrum (D:11)
  A deep elf mage (D:8)
  A vampire (D:12)
  43 yaks
  7 hippogriffs
  A steam dragon (D:11)
  A hungry ghost (D:8)
  3 wraiths
  9 vampire mosquitoes
  A mottled dragon (D:14)
  21 soldier ants
  7 wolves
  2 nagas (Lair:6)
  The ghost of miro the Insei, an average GrMo (D:3)
  A swamp worm (Swamp:1)
  Menkaure (D:5)
  5 wargs (Orc:4)
  15 water moccasins
  7 porcupines
  4 ice beasts
  53 orc warriors
  10 swamp drakes
  2 black bears
  3 sky beasts
  4 phantoms
  23 ogres
  2 eyes of draining
  2 necrophages
  2 boring beetles
  12 centaurs
  4 big kobolds
  12 crocodiles
  Sigmund (D:6)
  34 giant frogs
  2 gnoll sergeants
  A water moccasin skeleton (D:8)
  4 scorpions
  6 electric eels
  17 killer bees (D:11)
  A giant frog zombie (D:10)
  11 crimson imps
  4 wights (D:10)
  8 jellies
  5 centaur zombies
  14 hounds
  A goliath beetle (D:6)
  2 giant frog skeletons
  21 orc wizards
  10 iguanas
  29 worker ants
  32 orc priests
  9 hell rats (Lair:6)
  13 sheep (Lair:7)
  A hound zombie (D:6)
  A mummy (D:10)
  26 adders
  13 gnolls
  5 shadow imps
  110 river rats
  2 worms
  A giant mite (D:5)
  12 white imps (D:11)
  A worker ant simulacrum (D:11)
  An ufetubus (D:11)
  2 orc zombies (Orc:4)
  An adder skeleton (D:9)
  10 giant geckos
  An ooze (D:3)
  289 orcs
  5 ball pythons
  21 bats
  A bat skeleton (D:5)
  6 giant cockroaches
  16 hobgoblins
  18 jackals
  12 quokkas
  A ball python skeleton (D:4)
  A giant cockroach zombie (D:5)
  A giant gecko zombie (D:6)
  7 giant newts
  3 giant spores
  26 goblins
  A jackal skeleton (D:6)
  A jackal zombie (D:8)
  30 kobolds
  47 rats
  4 ballistomycetes
  A bush (Lair:5)
  14 fungi
  37 plants
1445 creatures vanquished.

Vanquished Creatures (collateral kills)
  An electric eel (Lair:6)
1 creature vanquished.

Vanquished Creatures (others)
  A swamp worm (Swamp:2)
  A river rat (Lair:8)
  An orc (D:14)
  2 fungi (Lair:8)
5 creatures vanquished.

Grand Total: 1451 creatures vanquished

Notes
Turn   | Place    | Note
--------------------------------------------------------------
     0 | D:1      | Chiseanne, the Ogre Berserker, began the quest for the Orb.
     0 | D:1      | Reached XP level 1. HP: 24/24 MP: 1/1
   478 | D:1      | Reached XP level 2. HP: 29/33 MP: 2/2
   583 | D:1      | Acquired Trog's second power
   833 | D:2      | Reached XP level 3. HP: 38/41 MP: 3/3
  1147 | D:2      | Reached skill level 5 in Fighting
  1461 | D:2      | Reached XP level 4. HP: 50/50 MP: 4/4
  1497 | D:2      | Reached skill level 5 in Maces & Flails
  1895 | D:3      | Noticed miro's ghost (average GrMo)
  2045 | D:3      | Found an iron altar of Okawaru.
  2050 | D:3      | Found a stormy altar of Qazlal.
  2259 | D:3      | Killed miro's ghost
  2259 | D:3      | Reached skill level 6 in Fighting
  2259 | D:3      | Reached skill level 1 in Throwing
  2259 | D:3      | Reached XP level 5. HP: 59/59 MP: 5/5
  2568 | D:3      | Reached XP level 6. HP: 62/67 MP: 6/6
  2841 | D:4      | Found Piobeil's Armour Emporium.
  2866 | D:4      | Bought a cursed +0 cloak for 42 gold pieces
  2876 | D:4      | Acquired Trog's third power
  3268 | D:4      | Reached XP level 7. HP: 31/76 MP: 7/7
  3269 | D:4      | Received a gift from Trog
  3805 | D:5      | Entered Level 5 of the Dungeon
  3849 | D:5      | Noticed Menkaure
  3856 | D:5      | Killed Menkaure
  3878 | D:5      | Found a sacrificial altar of Ru.
  3900 | D:5      | Reached skill level 7 in Fighting
  3926 | D:5      | Noticed Prince Ribbit
  3985 | D:5      | Found a burning altar of Makhleb.
  4141 | D:5      | Found a staircase to the Ecumenical Temple.
  4158 | D:5      | Found a sparkling altar of Nemelex Xobeh.
  4159 | D:5      | Found a shimmering altar of Xom.
  4251 | D:5      | Found a glowing golden altar of the Shining One.
  4257 | D:5      | Killed Prince Ribbit
  4257 | D:5      | Reached skill level 5 in Dodging
  4257 | D:5      | Reached XP level 8. HP: 87/87 MP: 8/8
  4457 | D:5      | Found a glowing drain.
  4474 | Sewer    | Entered a sewer
  5582 | D:6      | Found a blossoming altar of Fedhas.
  5777 | D:6      | Reached skill level 8 in Fighting
  5847 | D:6      | Received a gift from Trog
  6062 | D:6      | Found a burning altar of Makhleb.
  6076 | D:6      | Noticed Sigmund
  6097 | D:6      | Killed Sigmund
  6357 | D:7      | Reached XP level 9. HP: 87/97 MP: 9/9
  6583 | D:7      | Found an ancient bone altar of Kikubaaqudgha.
  6706 | D:7      | Received a gift from Trog
  7148 | D:8      | Reached skill level 9 in Maces & Flails
  7447 | D:8      | Reached XP level 10. HP: 107/107 MP: 10/10
  7626 | D:8      | Reached skill level 5 in Throwing
  8127 | D:9      | Reached skill level 10 in Maces & Flails
  8344 | D:9      | Reached skill level 10 in Fighting
  9043 | D:10     | Entered Level 10 of the Dungeon
  9062 | D:10     | Reached skill level 11 in Maces & Flails
  9098 | D:10     | Reached XP level 11. HP: 114/119 MP: 11/11
  9436 | D:10     | Found a staircase to the Lair.
  9650 | D:10     | Received a gift from Trog
  9890 | D:11     | Received a gift from Trog
  9974 | Lair:1   | Entered Level 1 of the Lair of Beasts
 10175 | Lair:1   | Noticed Erica
 10183 | Lair:1   | Killed Erica
 10790 | Lair:1   | Reached skill level 12 in Maces & Flails
 10840 | Lair:1   | Reached skill level 10 in Dodging
 11046 | Lair:2   | Got a pitted war axe
 11047 | Lair:2   | Identified the +11 war axe of Kovodaho {chop, MP-9 Str+6} (You found it on level 2 of the Lair of Beasts)
 11107 | Lair:2   | Received a gift from Trog
 11120 | Lair:2   | Got a polished dire flail {god gift}
 11124 | Lair:2   | Identified the +4 dire flail of Agnosticism {flame, rC+ Str-3 Int-4 Dex+3 SInv} (Trog gifted it to you on level 2 of the Lair of Beasts)
 11142 | Lair:2   | Noticed a four-headed hydra
 11148 | Lair:2   | Killed a four-headed hydra
 11157 | Lair:2   | Reached XP level 12. HP: 131/131 MP: 5/12
 11449 | Lair:2   | Reached skill level 13 in Maces & Flails
 11542 | Lair:2   | Received a gift from Trog
 11786 | Lair:3   | Noticed a seven-headed hydra
 11793 | Lair:3   | Killed a seven-headed hydra
 11793 | Lair:3   | Reached skill level 5 in Armour
 11796 | Lair:3   | Noticed Snorg
 11807 | Lair:3   | Killed Snorg
 11886 | Lair:3   | Noticed Nergalle
 11892 | Lair:3   | Killed Nergalle
 12219 | Lair:3   | Noticed Fannar
 12231 | Lair:3   | Killed Fannar
 13297 | Lair:4   | Reached skill level 14 in Maces & Flails
 13298 | Lair:4   | Noticed a five-headed hydra
 13301 | Lair:4   | Killed a five-headed hydra
 13924 | Lair:5   | Received a gift from Trog
 13946 | Lair:5   | Reached XP level 13. HP: 90/141 MP: 13/13
 14046 | Lair:5   | Noticed a five-headed hydra
 14053 | Lair:5   | Killed a five-headed hydra
 14566 | Lair:6   | Found a staircase to the Snake Pit.
 14571 | Lair:6   | Reached skill level 15 in Maces & Flails
 14662 | Lair:6   | Received a gift from Trog
 14776 | Lair:6   | Found a staircase to the Swamp.
 14952 | Lair:6   | Found a glowing golden altar of the Shining One.
 15098 | Lair:6   | Received a gift from Trog
 15249 | Lair:6   | Received a gift from Trog
 15609 | Lair:7   | Received a gift from Trog
 15619 | Lair:7   | Got a twisted giant spiked club {god gift}
 15620 | Lair:7   | Identified the +7 giant spiked club of the Present {venom, rPois rN+ Str-4 Dex+7} (Trog gifted it to you on level 7 of the Lair of Beasts)
 15788 | Lair:7   | Received a gift from Trog
 16105 | Lair:7   | Reached skill level 16 in Maces & Flails
 16126 | Lair:7   | Reached XP level 14. HP: 154/162 MP: 11/14
 16226 | Lair:7   | Reached XP level 15. HP: 170/170 MP: 15/15
 16538 | Lair:8   | Entered Level 8 of the Lair of Beasts
 16579 | Lair:8   | Found a staircase to the Slime Pits.
 16724 | Lair:8   | Received a gift from Trog
 16756 | Lair:8   | Got an ancient giant spiked club {god gift}
 16757 | Lair:8   | Identified the +7 giant spiked club of Blood-Lust {venom, *Rage rElec rPois Str+4 Int+4} (Trog gifted it to you on level 8 of the Lair of Beasts)
 17250 | Lair:8   | Reached skill level 17 in Maces & Flails
 17836 | Lair:2   | Received a gift from Trog
 18417 | D:11     | Found a blossoming altar of Fedhas.
 18474 | D:11     | Found a staircase to the Orcish Mines.
 18493 | D:11     | Received a gift from Trog
 18523 | D:11     | Received a gift from Trog
 18876 | D:11     | Noticed Nessos
 18878 | D:11     | Killed Nessos
 18966 | D:11     | Received a gift from Trog
 18972 | D:11     | Got a brightly glowing giant spiked club {god gift}
 18990 | D:11     | Identified the +4 giant spiked club "Jyobiozxec" {freeze, rF+ MR+++ Stlth-} (Trog gifted it to you on level 11 of the Dungeon)
 19243 | D:12     | Found a radiant altar of Vehumet.
 20272 | D:13     | Received a gift from Trog
 20518 | D:13     | Reached skill level 18 in Maces & Flails
 20698 | D:13     | Found a basalt altar of Yredelemnul.
 21446 | D:14     | Noticed a storm dragon
 21450 | D:14     | Killed a storm dragon
 21450 | D:14     | Reached XP level 16. HP: 180/183 MP: 5/16
 21486 | D:14     | Found a gate to the Vaults.
 21611 | D:15     | Entered Level 15 of the Dungeon
 21636 | D:15     | Found an opulent altar of Gozag.
 22107 | Orc:1    | Entered Level 1 of the Orcish Mines
 22203 | Orc:1    | Received a gift from Trog
 22549 | Orc:2    | Found Conaggush's Weapon Shop.
 22558 | Orc:2    | Found a roughly hewn altar of Beogh.
 22731 | Orc:2    | Received a gift from Trog
 22762 | Orc:2    | Found a roughly hewn altar of Beogh.
 23158 | Orc:3    | Received a gift from Trog
 23174 | Orc:3    | Got a faintly glowing giant club {god gift}
 23175 | Orc:3    | Identified the +4 giant club of the Jolly Spirits {drain, rElec rPois rF+ MR-} (Trog gifted it to you on level 3 of the Orcish Mines)
 23365 | Orc:4    | Entered Level 4 of the Orcish Mines
 23571 | Orc:4    | Received a gift from Trog
 23810 | Orc:4    | Noticed Urug
 23812 | Orc:4    | Killed Urug
 23938 | Orc:4    | Paralysed by an orc sorcerer for 3 turns
 24024 | Orc:4    | Received a gift from Trog
 24028 | Orc:4    | Reached skill level 19 in Maces & Flails
 24218 | Orc:4    | Found Gho Pnaf's Weapon Emporium.
 24233 | Orc:4    | Found a roughly hewn altar of Beogh.
 24243 | Orc:4    | Received a gift from Trog
 24359 | Orc:4    | Found Threcad's Gadget Shoppe.
 24706 | Orc:4    | Found a roughly hewn altar of Beogh.
 24785 | Orc:4    | Received a gift from Trog
 24786 | Orc:4    | Got a dazzling giant club {god gift}
 24787 | Orc:4    | Identified the +7 giant club of Floods {freeze, rElec rC- rN+ MR+ Str+3} (Trog gifted it to you on level 4 of the Orcish Mines)
 24824 | Orc:4    | Found Foeczen's General Store.
 24879 | Orc:4    | Bought the +4 skin of Zhor {rC+++} for 685 gold pieces
 24879 | Orc:4    | Bought a scroll of enchant armour for 82 gold pieces
 24879 | Orc:4    | Bought a scroll of enchant armour for 82 gold pieces
 24879 | Orc:4    | Bought a scroll of identify for 22 gold pieces
 24879 | Orc:4    | Bought a bread ration for 55 gold pieces
 24879 | Orc:4    | Bought a scroll of remove curse for 33 gold pieces
 24933 | Orc:4    | Gained mutation: You heal slowly when monsters are visible. [a neqoxec]
 24941 | Orc:4    | Found Qeided's Food Shoppe.
 25001 | Orc:4    | Bought a meat ration for 60 gold pieces
 25001 | Orc:4    | Bought a bread ration for 60 gold pieces
 25001 | Orc:4    | Bought a slice of pizza for 18 gold pieces
 25001 | Orc:4    | Bought a meat ration for 60 gold pieces
 25001 | Orc:4    | Bought a bread ration for 60 gold pieces
 25001 | Orc:4    | Bought a meat ration for 60 gold pieces
 25001 | Orc:4    | Bought a beef jerky for 18 gold pieces
 25001 | Orc:4    | Bought a bread ration for 60 gold pieces
 25001 | Orc:4    | Bought a bread ration for 60 gold pieces
 25001 | Orc:4    | Bought a bread ration for 60 gold pieces
 25108 | Orc:4    | Noticed Harold
 25116 | Orc:4    | Killed Harold
 25326 | Orc:3    | Paralysed by an orc sorcerer for 4 turns
 25658 | D:15     | Found a staircase to the Depths.
 25802 | D:15     | Found a runed door.
 25861 | D:15     | Reached skill level 20 in Maces & Flails
 25899 | D:15     | Noticed Rupert
 25911 | D:15     | Killed Rupert
 25911 | D:15     | Received a gift from Trog
 26546 | D:15     | Reached XP level 17. HP: 56/196 MP: 3/17
 26987 | Swamp:1  | Entered Level 1 of the Swamp
 26987 | Swamp:1  | Noticed cribozai's ghost (powerful SpEn)
 27008 | Swamp:1  | Killed cribozai's ghost
 27321 | Swamp:2  | Received a gift from Trog
 27391 | Swamp:2  | Noticed Nikola
 27417 | Swamp:2  | Killed Nikola
 27660 | Swamp:4  | Reached skill level 21 in Maces & Flails
 27740 | Swamp:5  | Entered Level 5 of the Swamp
 27818 | Swamp:4  | HP: 5/200 [spriggan druid/quarterstaff (11)]
 27826 | Swamp:4  | HP: 9/200 [seven-headed hydra[a spriggan druid] (2)]
 27828 | Swamp:4  | Slain by a seven-headed hydra

Action                   |  1- 3 |  4- 6 |  7- 9 | 10-12 | 13-15 | 16-18 || total
-------------------------+-------+-------+-------+-------+-------+-------++-------
Melee: Mace              |    92 |    37 |       |       |       |       ||   129
       Flail             |       |    92 |   231 |       |       |       ||   323
       Morningstar       |       |       |    99 |   202 |       |       ||   301
       War axe           |       |       |     5 |    17 |    20 |    55 ||    97
       Great mace        |       |       |       |   116 |       |       ||   116
       Dire flail        |       |       |       |   197 |   208 |       ||   405
       Giant spiked club |       |       |       |       |   528 |   602 ||  1130
Throw: Javelin           |       |     6 |    16 |    14 |       |       ||    36
       Large rock        |       |       |    31 |    36 |     7 |    75 ||   149
Invok: Berserk           |       |     2 |     5 |     3 |     3 |     2 ||    15
       Trog's Hand       |       |       |     7 |     7 |    11 |    23 ||    48
       Burn Spellbooks   |       |       |       |     1 |     4 |     1 ||     6
Evoke: Wand              |       |       |       |     1 |     2 |     1 ||     4
       Sack of spiders   |       |       |       |       |     3 |       ||     3
  Use: Scroll            |     6 |     3 |     8 |     9 |    14 |    12 ||    52
       Potion            |       |     2 |     1 |       |     4 |     9 ||    16
 Stab: Invisible         |       |       |       |       |     2 |       ||     2
  Eat: Chunk             |     1 |     6 |    21 |    20 |    12 |    32 ||    92
       Pizza             |       |     1 |       |       |     6 |     1 ||     8
       Fruit             |       |       |       |     9 |     9 |       ||    18
       Beef jerky        |       |       |       |       |     1 |     1 ||     2
       Royal jelly       |       |       |       |       |     3 |     4 ||     7
